 Dungeon Sprint DCSS version 0.15-a0-1619-g29500c9 (webtiles) character file.

26769 PolkaDot the Phalangite (level 13, -1/201 HPs)
             Began as a Hill Orc Fighter on June 20, 2014.
             Was the Champion of Beogh.
             Killed by Olgreb's Toxic Radiance
             ... invoked by a naga ritualist
              (6 damage)
             ... in the Dungeon (Sprint IX: "|||||||||||||||||||||||||||||").
             The game lasted 00:28:54 (4530 turns).

PolkaDot the Phalangite (Hill Orc Fighter)          Turns: 4530, Time: 00:28:54

HP  -1/201       AC 26     Str 26      XL: 13   Next: 28%
MP  13/13        EV 19     Int 10      God: Beogh [******]
Gold 1362        SH  0     Dex 16      Spells:  0 memorised, 12 levels left

rFire  . . .     SeeInvis .     m - +1 bardiche (flame)
rCold  . . .     Clarity  .     F - +1 chain mail of the Manifold Blessings {Str+1 Slay+5}
rNeg   . . .     rCorr    .     (no shield)
rPois  .         rRot     .     a - +0 helmet
rElec  .         Spirit   .     y - +0 cloak
SustAb .         Warding  .     E - +2 pair of gloves of Autumn {Dex+2 Int+2}
rMut   .         NoTele   +     C - +0 pair of boots {+Jump}
Gourm  .                        w - amulet of rage
MR     .....                    t - +2 ring of evasion
                                b - +2 ring of evasion

@: mighty, berserking, lethally poisoned, very slightly contaminated, hasted and
slowed, not resistant to hostile enchantments, extremely unstealthy
A: walk on water
a: Smiting, Recall Orcish Followers, Give Item to Follower, Renounce Religion,
Evoke Berserk Rage, Evoke Jump Attack


You were in the Dungeon.
You worshipped Beogh.
Beogh was exalted by your worship.
You were not hungry.

You visited 1 branch You collected 1926 gold pieces.
You spent 564 gold pieces at shops.

Inventory:

Hand weapons
 m - a +1 bardiche of flaming (weapon)
 H - the +10 whip "Skus" {flame, rF+}
   (You found it in the Dungeon)

   It emits flame when wielded, causing extra injury to most foes and up to
   double damage against particularly susceptible opponents.
   It protects you from fire.
 K - a +4 halberd of venom
Armour
 a - a +0 helmet (worn)
 y - a +0 cloak (worn)
 C - a +0 pair of boots of jumping (worn)
 E - the +2 pair of gloves of Autumn (worn) {Dex+2 Int+2}
   (You bought it in a shop in the Dungeon)

   It affects your intelligence (+2).
   It affects your dexterity (+2).
 F - the +1 chain mail of the Manifold Blessings (worn) {Str+1 Slay+5}
   (You bought it in a shop in the Dungeon)

   It affects your strength (+1).
   It affects your accuracy and damage with ranged weapons and melee attacks
   (+5).
Magical devices
 p - a wand of fire (7)
Comestibles
 x - 36 fruits
 z - 12 bread rations
 A - 12 meat rations
Scrolls
 k - 3 scrolls of blinking
 l - 2 scrolls of enchant armour
 n - 4 scrolls of remove curse
 o - 2 scrolls of amnesia
 v - 2 scrolls of fear
 D - 4 scrolls of recharging
Jewellery
 b - a +2 ring of evasion (left hand)
 s - an uncursed ring of protection from fire
 t - a +2 ring of evasion (right hand)
 u - an uncursed ring of protection from magic
 w - an amulet of rage (around neck)
 B - an uncursed ring of fire
Potions
 c - a potion of brilliance
 d - a potion of resistance
 e - a potion of might
 g - a potion of agility
 h - 4 potions of haste
 i - 4 potions of magic
 j - a potion of berserk rage
 r - a potion of restore abilities


   Skills:
 + Level 18.0 Fighting
 * Level 21.9 Polearms
 + Level 16.6 Armour
 + Level 12.9 Dodging
   Level 3.2 Shields


You had 12 spell levels left.
You didn't know any spells.

Dungeon Overview and Level Annotations

Branches:
Dungeon (1/1)

Altars:
Cheibriados
Dithmenos
Elyvilon
Fedhas
Gozag
Kikubaaqudgha
Makhleb
Nemelex Xobeh
Okawaru
Qazlal
Sif Muna
Trog
Vehumet
Xom
Yredelemnul
Zin
The Shining One
Beogh
Jiyva
Lugonu

Shops:
D [*:[

Annotations:
D Nergalle


Message History

a dagger of venom; a robe Attack whom?
Press: ? - help, Dir - move target cursor, f - guardian serpent
Aim: a guardian serpent You reach to attack!
You completely miss the guardian serpent.
* * * LOW HITPOINT WARNING * * *
You feel very sick.
* * * LOW HITPOINT WARNING * * *
You are more poisoned.
The guardian serpent casts a spell at you.
You feel yourself slow down.
Drink which item? (? for menu, Esc to quit)
Okay, then.
Drink which item? (? for menu, Esc to quit)
A red film seems to cover your vision as you go berserk!
You feel yourself moving faster!
You feel mighty!
* * * LOW HITPOINT WARNING * * *
You feel very sick.
You die...

...........).)).ooo))......'.))o)
▓▓▓▓▓▓▓▓▓▓▓▓▓▓▓▓▓▓▓▓▓▓▓▓▓▓▓▓▓▓▓▓▓
...oo.oo.........................
.▓▓▓▓▓▓▓▓▓▓▓▓▓▓▓▓▓▓▓▓▓▓▓▓▓▓▓▓▓▓▓▓
.o.......'.."..)))).))).[[[[[[[[.
▓▓▓▓▓▓▓▓▓▓▓▓▓▓▓▓▓▓▓▓▓▓▓▓▓▓▓▓▓▓▓▓▓
.................................
.▓▓▓▓▓▓▓▓▓▓▓▓▓▓▓▓▓▓▓▓▓▓▓▓▓▓▓▓▓▓▓▓
...............o@.SSNN...
▓▓▓▓▓▓▓▓▓▓▓▓▓▓▓▓▓▓▓▓▓▓▓▓▓


You could see a salamander mystic, a naga ritualist, a guardian serpent, a black
mamba and the friendly Nergalle.

Vanquished Creatures
  A tengu reaver (D)
  Gastronok (D)
  A stone giant (D)
  Josephine (D)
  An ice dragon (D)
  A minotaur (D)
  Harold (D)
  4 death yaks (D)
  Erica (D)
  5 ogre magi (D)
  A tengu warrior (D)
  A catoblepas (D)
  A shock serpent (D)
  2 centaur warriors (D)
  An orc high priest (D)
  A naga ritualist (D)
  2 deep trolls (D)
  A hill giant (D)
  2 orc knights (D)
  A cyclops (D)
  An elephant (D)
  2 black mambas (D)
  A komodo dragon (D)
  A blink frog (D)
  A shadow (D)
  A wyvern (D)
  2 hippogriffs (D)
  4 yaks (D)
  A wolf (D)
  3 porcupines (D)
  A sky beast (D)
  An ogre (D)
  5 orc warriors (D)
  A crocodile (D)
  2 big kobolds (D)
  A human skeleton (D)
  5 giant frogs (D)
  A wight (D)
  A crimson imp (D)
  2 hounds (D)
  An orc priest (D)
  2 orc wizards (D)
  2 spectral orcs (D)
  A sheep (D)
  2 adders (D)
  A worm zombie (D)
  An adder simulacrum (D)
  A giant gecko (D)
  An orc (D)
  A bat (D)
  A bat zombie (D)
  2 hobgoblins (D)
  A quokka (D)
  A ball python simulacrum (D)
  4 goblins (D)
  A goblin skeleton (D)
  A kobold simulacrum (D)
  A rat (D)
  A rat zombie (D)
93 creatures vanquished.

Vanquished Creatures (collateral kills)
  A hydra (D)
  An ogre mage (D)
  A very ugly thing (D)
  A deep troll (D)
  2 hill giants (D)
  A manticore (D)
  2 trolls (D)
  A shadow (D)
  A naga (D)
  2 orc warriors (D)
  A spectral orc (D)
14 creatures vanquished.

Vanquished Creatures (others)
  2 orc knights (D)
  An ogre mage (D)
  2 orc wizards (D)
  5 orc warriors (D)
  2 orcs (D)
  2 spectral orcs (D)
  A fungus (D)
15 creatures vanquished.

Grand Total: 122 creatures vanquished

Notes
Turn   | Place    | Note
--------------------------------------------------------------
     0 | D        | PolkaDot, the Hill Orc Fighter, began the quest for the Orb.
     0 | D        | Reached XP level 1. HP: 19/19 MP: 1/1
    27 | D        | Reached skill level 4 in Fighting
   201 | D        | Reached XP level 2. HP: 27/27 MP: 2/2
   239 | D        | Found a glowing silver altar of Zin.
   239 | D        | Found a glowing golden altar of the Shining One.
   239 | D        | Found an ancient bone altar of Kikubaaqudgha.
   239 | D        | Found a basalt altar of Yredelemnul.
   239 | D        | Found a shimmering altar of Xom.
   239 | D        | Found a radiant altar of Vehumet.
   239 | D        | Found an iron altar of Okawaru.
   240 | D        | Found a burning altar of Makhleb.
   241 | D        | Found a deep blue altar of Sif Muna.
   242 | D        | Found a bloodstained altar of Trog.
   243 | D        | Found a sparkling altar of Nemelex Xobeh.
   244 | D        | Found a white marble altar of Elyvilon.
   245 | D        | Found a roughly hewn altar of Beogh.
   246 | D        | Found a viscous altar of Jiyva.
   247 | D        | Found a corrupted altar of Lugonu.
   248 | D        | Found a blossoming altar of Fedhas.
   249 | D        | Found a snail-covered altar of Cheibriados.
   250 | D        | Found a shadowy altar of Dithmenos.
   251 | D        | Found a stormy altar of Qazlal.
   252 | D        | Found an opulent altar of Gozag.
   254 | D        | Became a worshipper of Beogh the Brigand
   310 | D        | Noticed a wyvern
   310 | D        | Noticed a wight
   310 | D        | Noticed a big kobold
   310 | D        | Noticed a hound
   323 | D        | Killed a wyvern
   323 | D        | Reached skill level 6 in Fighting
   323 | D        | Reached skill level 8 in Polearms
   323 | D        | Reached XP level 3. HP: 24/38 MP: 3/3
   323 | D        | Reached XP level 4. HP: 28/45 MP: 4/4
   323 | D        | Reached XP level 5. HP: 31/51 MP: 5/5
   336 | D        | Killed a wight
   336 | D        | Acquired Beogh's first power
   343 | D        | Killed a big kobold
   343 | D        | Reached skill level 9 in Polearms
   343 | D        | Reached XP level 6. HP: 24/61 MP: 6/6
   349 | D        | Killed a hound
   349 | D        | Acquired Beogh's second power
   547 | D        | Noticed a crimson imp
   547 | D        | Noticed a tengu warrior
   547 | D        | Noticed a centaur warrior
   547 | D        | Noticed a big kobold
   547 | D        | Noticed an ogre
   551 | D        | Killed a crimson imp
   567 | D        | Killed a tengu warrior
   567 | D        | Reached skill level 10 in Fighting
   567 | D        | Reached skill level 12 in Polearms
   567 | D        | Reached XP level 7. HP: 44/72 MP: 7/7
   567 | D        | Reached XP level 8. HP: 48/79 MP: 8/8
   572 | D        | Killed a centaur warrior
   572 | D        | Reached skill level 13 in Polearms
   572 | D        | Reached skill level 10 in Armour
   580 | D        | Killed a big kobold
   580 | D        | Acquired Beogh's third power
   583 | D        | Killed an ogre
   583 | D        | Reached XP level 9. HP: 37/89 MP: 9/9
   916 | D        | Noticed a giant frog
   916 | D        | Noticed a crocodile
   916 | D        | Noticed a porcupine
   916 | D        | Noticed a hippogriff
   916 | D        | Noticed a porcupine
   916 | D        | Noticed a wolf
   916 | D        | Noticed a hound
   920 | D        | Killed a giant frog
   924 | D        | Noticed a hippogriff
   926 | D        | Killed a crocodile
   926 | D        | Acquired Beogh's fourth power
   927 | D        | Killed a porcupine
   932 | D        | Killed a hippogriff
   937 | D        | Killed a porcupine
   937 | D        | Reached skill level 14 in Polearms
   941 | D        | Killed a wolf
   943 | D        | Killed a hound
   946 | D        | Acquired Beogh's fifth power
   951 | D        | Killed a hippogriff
  1075 | D        | Noticed a giant frog
  1075 | D        | Noticed a blink frog
  1075 | D        | Noticed a komodo dragon
  1075 | D        | Noticed a porcupine
  1075 | D        | Noticed a giant frog
  1075 | D        | Noticed an elephant
  1079 | D        | Noticed a giant frog
  1081 | D        | Killed a blink frog
  1083 | D        | Killed a giant frog
  1093 | D        | Killed a komodo dragon
  1094 | D        | Killed a porcupine
  1094 | D        | Reached skill level 15 in Polearms
  1097 | D        | Killed a giant frog
  1101 | D        | Killed an elephant
  1101 | D        | Reached XP level 10. HP: 71/100 MP: 10/10
  1105 | D        | Killed a giant frog
  1192 | D        | Noticed a yak
  1201 | D        | Killed a yak
  1225 | D        | Noticed a death yak
  1225 | D        | Noticed a catoblepas
  1225 | D        | Noticed a yak
  1225 | D        | Noticed a death yak
  1225 | D        | Noticed a death yak
  1225 | D        | Noticed a yak
  1225 | D        | Noticed a yak
  1230 | D        | Noticed a death yak
  1253 | D        | Killed a death yak
  1273 | D        | Killed a catoblepas
  1273 | D        | Reached skill level 16 in Polearms
  1297 | D        | Killed a death yak
  1338 | D        | HP: 4/101 [death yak (19)]
  1342 | D        | Killed a death yak
  1708 | D        | Killed a yak
  1715 | D        | Killed a death yak
  1715 | D        | Reached skill level 17 in Polearms
  1715 | D        | Reached XP level 11. HP: 103/110 MP: 11/11
  1723 | D        | Killed a yak
  1739 | D        | Killed a yak
  1891 | D        | Noticed Erica
  1903 | D        | Killed Erica
  1903 | D        | Reached skill level 10 in Dodging
  1915 | D        | Noticed Josephine
  1944 | D        | Killed Josephine
  2147 | D        | Noticed Harold
  2168 | D        | Killed Harold
  2168 | D        | Reached skill level 18 in Polearms
  2375 | D        | Noticed Gastronok
  2390 | D        | Killed Gastronok
  2390 | D        | Reached skill level 15 in Fighting
  2601 | D        | Noticed an orc warrior
  2601 | D        | Noticed an orc warrior
  2601 | D        | Noticed an orc warrior
  2601 | D        | Noticed an orc priest
  2601 | D        | Noticed an orc wizard
  2612 | D        | Killed an orc warrior
  2614 | D        | Noticed an orc wizard
  2618 | D        | Killed an orc warrior
  2621 | D        | Killed an orc warrior
  2623 | D        | Killed an orc wizard
  2627 | D        | Killed an orc priest
  2628 | D        | Noticed an orc knight
  2628 | D        | Killed an orc wizard
  2631 | D        | Noticed an orc wizard
  2639 | D        | Killed an orc knight
  2806 | D        | Noticed an orc wizard
  2806 | D        | Noticed an orc high priest
  2806 | D        | Noticed an orc warrior
  2806 | D        | Noticed an orc warrior
  2806 | D        | Noticed an orc warrior
  2806 | D        | Noticed an orc warrior
  2806 | D        | Noticed an orc warrior
  2807 | D        | Noticed an orc warrior
  2808 | D        | Noticed an orc warrior
  2809 | D        | Killed an orc warrior
  2812 | D        | Killed an orc high priest
  2814 | D        | Killed an orc warrior
  2816 | D        | Killed an orc warrior
  2817 | D        | Noticed an orc warrior
  2818 | D        | Noticed an orc warrior
  2820 | D        | Noticed an orc knight
  2823 | D        | an orc warrior (ally) was killed
  2834 | D        | Killed an orc warrior
  2834 | D        | Gained Morun as an ally
  2836 | D        | an orc knight (ally) was killed
  3006 | D        | Found Maqigib's Armour Emporium.
  3006 | D        | Noticed a hill giant
  3006 | D        | Noticed an ogre mage
  3006 | D        | Noticed an ogre mage
  3006 | D        | Noticed an ogre mage
  3006 | D        | Noticed a hill giant
  3006 | D        | Noticed an ogre mage
  3008 | D        | Killed a hill giant
  3008 | D        | Gained Wargrak as an ally
  3008 | D        | Reached skill level 19 in Polearms
  3009 | D        | Noticed an ogre mage
  3010 | D        | Found Yqac's Assorted Antiques.
  3011 | D        | Noticed a deep troll
  3015 | D        | Killed an ogre mage
  3015 | D        | Reached XP level 12. HP: 107/122 MP: 12/12
  3021 | D        | Killed an ogre mage
  3022 | D        | Found Etothoosya's Book Emporium.
  3025 | D        | Killed an ogre mage
  3032 | D        | Killed a hill giant
  3034 | D        | Killed an ogre mage
  3035 | D        | Found Sturousk's Antique Armour Shoppe.
  3040 | D        | Killed a deep troll
  3040 | D        | Reached skill level 15 in Armour
  3041 | D        | Noticed a troll
  3044 | D        | Noticed an ogre mage
  3046 | D        | Killed an ogre mage
  3047 | D        | Noticed a deep troll
  3048 | D        | an orc wizard (ally) was killed
  3049 | D        | Noticed a hill giant
  3050 | D        | Noticed a deep troll
  3051 | D        | Killed a troll
  3054 | D        | Killed an ogre mage
  3054 | D        | Reached skill level 20 in Polearms
  3058 | D        | Killed a deep troll
  3063 | D        | Killed a hill giant
  3066 | D        | Killed a deep troll
  3159 | D        | Bought the +2 pair of gloves of Autumn {Dex+2 Int+2} for 299 gold pieces
  3170 | D        | Bought a pair of glowing boots for 85 gold pieces
  3170 | D        | Bought a jacinth-encrusted chain mail for 180 gold pieces
  3175 | D        | Identified the +1 chain mail of the Manifold Blessings {Str+1 Slay+5} (You bought it in a shop in the Dungeon)
  3538 | D        | Noticed a giant frog
  3538 | D        | Noticed a cyclops
  3538 | D        | Noticed a troll
  3538 | D        | Noticed a six-headed hydra
  3538 | D        | Noticed a shadow
  3538 | D        | Noticed an ogre mage
  3538 | D        | Noticed a shadow
  3540 | D        | Killed a giant frog
  3544 | D        | Noticed a sky beast
  3545 | D        | Killed a cyclops
  3548 | D        | Killed a troll
  3553 | D        | Noticed a minotaur
  3555 | D        | Killed a 11-headed hydra
  3556 | D        | Noticed a stone giant
  3557 | D        | Noticed a tengu reaver
  3557 | D        | Killed a shadow
  3565 | D        | Killed an ogre mage
  3569 | D        | Killed a shadow
  3573 | D        | Killed a sky beast
  3579 | D        | Killed a minotaur
  3588 | D        | Killed a stone giant
  3588 | D        | Reached skill level 21 in Polearms
  3591 | D        | an orc warrior (ally) was killed
  3591 | D        | an orc warrior (ally) was killed
  3591 | D        | an orc wizard (ally) was killed
  3601 | D        | Killed a tengu reaver
  3601 | D        | Reached XP level 13. HP: 24/133 MP: 13/13
  3619 | D        | Noticed a centaur warrior
  3623 | D        | Noticed a brown very ugly thing
  3625 | D        | Noticed a manticore
  3626 | D        | Noticed an ice dragon
  3630 | D        | Killed a centaur warrior
  3634 | D        | Killed a brown very ugly thing
  3639 | D        | Killed a manticore
  3641 | D        | Wargrak the orc knight (ally) was killed
  3641 | D        | Your ally Wargrak died
  3641 | D        | Beogh protects you from harm!
  3644 | D        | Killed an ice dragon
  3999 | D        | Got the +10 whip "Skus" {flame, rF+}
  4103 | D        | Noticed Nergalle
  4152 | D        | an orc knight (ally) was killed
  4158 | D        | Your ally Morun died
  4511 | D        | Noticed a black mamba
  4511 | D        | Noticed a black mamba
  4511 | D        | Noticed a naga ritualist
  4511 | D        | Noticed a shock serpent
  4511 | D        | Noticed a naga
  4511 | D        | Noticed a black mamba
  4511 | D        | Noticed a guardian serpent
  4514 | D        | Killed a black mamba
  4515 | D        | Noticed a salamander mystic
  4519 | D        | Killed a black mamba
  4523 | D        | Noticed a naga ritualist
  4523 | D        | Killed a naga ritualist
  4524 | D        | Killed a naga
  4526 | D        | Your ally orc warrior died
  4527 | D        | Killed a shock serpent
  4530 | D        | HP: 5/201 [poisoned by a naga ritualist (toxic radiance)]
  4530 | D        | Killed from afar by a naga ritualist

Action                   |  1- 3 |  4- 6 |  7- 9 | 10-12 | 13-15 || total
-------------------------+-------+-------+-------+-------+-------++-------
Melee: Trident           |    33 |       |       |       |       ||    33
       Halberd           |    12 |    44 |    73 |   288 |       ||   417
       Bardiche          |       |       |       |       |    73 ||    73
  Use: Potion            |     1 |     2 |       |     5 |     5 ||    13
       Scroll            |       |       |     2 |     1 |       ||     3
 Stab: Invisible         |       |       |       |     4 |       ||     4
